 Dungeon Crawl Stone Soup version 0.30-a0-986-g7f2e898f52 (webtiles) character file.

Game seed: 6980692671709852748

305 Coot the Ruffian (level 6, 0/38 HPs)
             Began as a Gargoyle Berserker on Apr 2, 2023.
             Was a Believer of Trog.
             Slain by an orc priest
             ... wielding a +0 hand axe
              (10 damage)
             ... on level 3 of the Dungeon.
             The game lasted 00:15:41 (2005 turns).

Coot the Ruffian (Gargoyle Berserker)               Turns: 2005, Time: 00:15:41

Health: 0/38       AC:  6    Str: 22    XL:     6   Next: 39%
Magic:  6/6        EV: 12    Int:  8    God:    Trog [**....]
Gold:   189        SH:  5    Dex:  9    Spells: 5/5 levels left

rFire   . . .      SeeInvis .    r - +3 quarterstaff (chaos)
rCold   . . .      Faith    .    (shield currently unavailable)
rNeg    + . .      Spirit   .    a - +0 animal skin
rPois   ∞          Reflect  +    (no helmet)
rElec   +          Rampage  .    (no cloak)
rCorr   .                        (no gloves)
Will    ++...                    (no boots)
Stlth   +                        c - amulet of reflection
HPRegen 1.26/turn                (no ring)
MPRegen 0.10/turn                (no ring)

@: strong-willed, regenerating
A: sickness immunity, AC +4, negative energy resistance 1, electricity
resistance, torment resistance 1, petrification resistance
a: Renounce Religion, Berserk, Trog's Hand


You were on level 3 of the Dungeon.
You worshipped Trog.
Trog was pleased with you.
You visited 1 branch of the dungeon, and saw 3 of its levels.

You collected 189 gold pieces.

Inventory:

Hand Weapons
 l - a +1 spear of freezing
 r - a +3 quarterstaff of chaos (weapon)
Armour
 a - a +0 animal skin (worn)
Jewellery
 c - an amulet of reflection (around neck)
Wands
 p - a wand of roots (8)
Scrolls
 b - a scroll of magic mapping {unknown}
 d - a scroll of torment {unknown}
 e - a scroll of silence
 f - a scroll of immolation {unknown}
 g - a scroll of noise {unknown}
 h - 4 scrolls of teleportation
 i - a scroll of summoning {unknown}
 k - a scroll of identify {unknown}
 o - a scroll of fear {unknown}
 q - a scroll of blinking {unknown}
Potions
 j - 5 potions of curing {unknown}
 m - a potion of invisibility {unknown}
 n - a potion of flight {unknown}
 s - a potion of heal wounds
 t - 3 potions of lignification {unknown}


   Skills:
 + Level 4.0 Fighting
 + Level 1.7 Polearms
 + Level 0.3(1.2) Staves
 + Level 2.3 Armour
 + Level 2.6 Dodging
 + Level 1.0 Stealth
 + Level 1.7 Shields
 + Level 5.0 Unarmed Combat


You had 5 spell levels left.
You didn't know any spells.
Your spell library contained the following spells:

 Spells                   Type           Power      Damage    Failure   Level
 Poisonous Vapours        Pois/Air       0%         N/A       54%         2
 Mephitic Cloud           Conj/Pois/Air  0%         N/A       78%         3
 Cigotuvi's Dreadful Rot  Necr/Pois/Air  Unusable   N/A       N/A         2

Dungeon Overview and Level Annotations

Branches:
Dungeon (3/15)

Altars:
Qazlal
Vehumet

Shops:
D:1 =


Innate Abilities, Weirdness & Mutations

You are immune to sickness and miasma.
Your stone body is resilient. (AC +4)
You are immune to poison.
You resist negative energy. (rN+)
You are resistant to electric shocks. (rElec)
You are resistant to unholy torment.
You are immune to petrification.


Message History

There is a stone staircase leading up here.
Things that are here:
a +0 war axe; a murky brown potion
t - 3 murky brown potions (gained 1)
You block the orc priest's attack.
An orc priest is nearby!
You closely miss the orc priest.
The orc priest hits you with a +0 hand axe.
You hit the orc priest.
The orc priest seems to grow stronger.
The orc priest is lightly wounded.
Your skin stops crawling.
You feel less strong-willed. The orc priest closely misses you.
You hit the orc priest.
The orc priest is moderately wounded.
The orc priest barely misses you.
You closely miss the orc priest.
The orc priest is moderately wounded.
The orc priest barely misses you.
The orc priest hits you with a +0 hand axe!
You hit the orc priest.
The orc priest resists with some effort.
The orc priest is severely wounded.
The orc priest hits you but does no damage.
You closely miss the orc priest.
The orc priest is severely wounded.
The orc priest hits you with a +0 hand axe.
You barely miss the orc priest.
The orc priest is severely wounded.
The orc priest hits you with a +0 hand axe!
You are too injured to fight recklessly!
You barely miss the orc priest.
The orc priest is severely wounded.
The orc priest hits you with a +0 hand axe!
* * * LOW HITPOINT WARNING * * *
The orc priest hits you with a +0 hand axe.
* * * LOW HITPOINT WARNING * * *
Your skin crawls.
You feel strong-willed.
The orc priest hits you with a +0 hand axe!
You die...

#.#
###.........###....#
#.##### #.#.......#
#..#.# #.....#
#.#.#####.###.....
#####.# #.#.#
#......... #.# #.#.#
#.#.###... #.# #.#.#
##.....)... #.#
#.#.####......#... #.#
#.#...†........... #.#
#@o.<.##.....)#.88 #.#
#####)###.....#.). #.#
#...)........#.._ #.#
#.##.####.#..#... #.#
##>##o........#...
#.###...#..###.#..####
#.##.......##........
#.......).........##.
###......#.##...###


You could see an orc priest (strong).

Vanquished Creatures
  Sigmund (D:2)
  An orc priest (D:3)
  Crazy Yiuf (D:2)
  3 adders
  A worm (D:2)
  6 orcs (D:3)
  5 ball pythons
  4 endoplasms
  A giant cockroach (D:2)
  7 goblins
  6 hobgoblins
  3 jackals
  8 bats
  2 kobolds (D:1)
  6 rats
55 creatures vanquished.

Vanquished Creatures (others)
  14 plants (D:3)
  4 toadstools (D:1)
18 creatures vanquished.

Grand Total: 73 creatures vanquished

Notes
Turn   | Place    | Note
-------+----------+-------------------------------------------
     0 | D:1      | Coot the Gargoyle Berserker began the quest for the Orb.
     0 | D:1      | Reached XP level 1. HP: 14/14 MP: 1/1
   102 | D:1      | Found Penoakeu's Jewellery Emporium.
   152 | D:1      | Reached XP level 2. HP: 17/19 MP: 2/2
   358 | D:1      | Reached XP level 3. HP: 24/24 MP: 3/3
   389 | D:1      | Reached ** piety under Trog
   764 | D:2      | Found a faded altar of an unknown god.
   913 | D:2      | Found a runed translucent door.
   914 | D:2      | Noticed Crazy Yiuf
   951 | D:2      | Found a radiant altar of Vehumet.
  1184 | D:2      | Noticed Sigmund
  1385 | D:2      | Killed Sigmund
  1386 | D:2      | Reached skill level 1 in Polearms
  1386 | D:2      | Reached skill level 1 in Shields
  1386 | D:2      | Reached skill level 4 in Unarmed Combat
  1386 | D:2      | Reached XP level 4. HP: 15/29 MP: 4/4
  1386 | D:2      | Reached XP level 5. HP: 18/33 MP: 5/5
  1690 | D:2      | Killed Crazy Yiuf
  1691 | D:2      | Reached skill level 1 in Stealth
  1691 | D:2      | Reached XP level 6. HP: 31/38 MP: 6/6
  1814 | D:3      | Found a stormy altar of Qazlal.
  1995 | D:3      | Reached skill level 5 in Unarmed Combat
  2005 | D:3      | Slain by an orc priest

Illustrated notes

Levels and vault maps discovered:
D:1:      saegor_arrival_simple_c, layout_rooms, serial_shops,
          nicolae_square_shop, st_stairs_4, minmay_gold_behind_fungi,
          minmay_cupped
D:2:      layout_basic, basic_altar, ebering_ecumenical_altar_box,
          uniq_crazy_yiuf_cottage, uniq_sigmund
D:3:      layout_loops_ring, nicolae_overflow_ecumenical_swirl,
          mainiacjoe_overflow_chevrons

Skill      XL: |  1  2  3  4  5  6 |
---------------+-------------------+-----
Polearms       | 1 |  1.7
Dodging        | 2 |  2.6
Shields        | 1 |  1.7
Unarmed Combat | 4 5 |  5.0
Stealth        | 1 |  1.0
Fighting       | 4 |  4.0
Staves         | |  0.3
Armour         | |  2.3

Action                     |  1- 3 |  4- 6 || total
---------------------------+-------+-------++-------
  Melee: Unarmed           |   119 |       ||   119
         Spear             |    36 |     5 ||    41
         Punch             |       |     1 ||     1
         Quarterstaff      |       |    42 ||    42
 Invoke: Berserk           |       |     1 ||     1
         Trog's Hand       |       |     2 ||     2
    Use: Scroll            |     3 |       ||     3
   Stab: Distracted        |     1 |       ||     1
 Armour: Animal skin       |    46 |    11 ||    57
  Dodge: Dodged            |    92 |    27 ||   119
  Block: Other             |    34 |     8 ||    42
         Reflection        |       |     1 ||     1

Table legend: (Time is in decaauts)
 A = Elapsed time spent in this place.
 B = Non-inter-level travel time spent in this place.
 C = Inter-level travel time spent in this place.
 D = Time resting spent in this place.
 E = Time spent auto-exploring this place.
 F = Levels seen in this place.
 G = Mean time per level.
                   A        B        C        D        E       F      G
               +--------+--------+--------+--------+--------+-----+--------+
         Total |   2019 |   2019 |      0 |     10 |   1476 |   3 |  673.0 |
       Dungeon |   2019 |   2019 |      0 |     10 |   1476 |   3 |  673.0 |
               +--------+--------+--------+--------+--------+-----+--------+

Top non-repeatable levels by time:
     D:2: 1134 daAuts
     D:1: 658 daAuts
     D:3: 226 daAuts
